 Dungeon Crawl Stone Soup version 0.26-a0-1176-g060ceda6a5 (webtiles) character file.

Game seed: 16698679469082388990

96 Lanoc the Shield-Bearer (level 4, -2/40 HPs)
             Began as a Minotaur Fighter on Dec 24, 2020.
             Killed by divine providence
             ... invoked by an orc priest
              (12 damage)
             ... on level 4 of the Dungeon.
             The game lasted 00:01:50 (1349 turns).

Lanoc the Shield-Bearer (Minotaur Fighter)          Turns: 1349, Time: 00:01:51

Health: -2/40      AC:  8    Str: 20    XL:     4   Next: 41%
Magic:  3/3        EV:  8    Int:  5    God:
Gold:   183        SH:  9    Dex: 11    Spells: 3/3 levels left

rFire    + . .     SeeInvis .   a - +0 long sword
rCold    + . .     Faith    .   c - +0 kite shield
rNeg     . . .     Spirit   .   b - +0 scale mail
rPois    +         Reflect  .   (helmet restricted)
rElec    +         Harm     .   i - +0 cloak
rCorr    +         Rampage  .   (no gloves)
Will     .....                  (no boots)
Stlth    ..........             (no amulet)
HPRegen  0.13/turn              (no ring)
MPRegen  0.08/turn              (no ring)

@: lethally poisoned (-2 -> -9), resistant
A: retaliatory headbutt, horns 2
a: no special abilities


You were on level 4 of the Dungeon.
You visited 1 branch of the dungeon, and saw 4 of its levels.

You collected 183 gold pieces.

Inventory:

Hand Weapons
 a - a +0 long sword (weapon)
Armour
 b - a +0 scale mail (worn)
 c - a +0 kite shield (worn)
 i - a +0 cloak (worn)
Scrolls
 e - a scroll of teleportation {unknown}
 f - a scroll of amnesia {unknown}
 j - a scroll of remove curse {unknown}
 k - a scroll of immolation {unknown}
Potions
 d - a potion of might
 h - a potion of curing {unknown}


   Skills:
 + Level 4.1 Fighting
 * Level 3.8 Long Blades
 + Level 4.2 Armour
 + Level 1.3 Dodging
 + Level 4.2 Shields


You had 3 spell levels left.
You didn't know any spells.
Your spell library was empty.

Dungeon Overview and Level Annotations

Branches:
Dungeon (4/15)
 Temple: D:4-7

Altars:
Ashenzari
Xom

Shops:
D:4 [


Innate Abilities, Weirdness & Mutations

You reflexively headbutt those who attack you in melee.
You have a pair of horns on your head.


Message History

The orc priest calls upon Beogh to heal the orc priest.
The orc priest is healed somewhat.
You closely miss the orc priest. You headbutt the orc priest.
The orc priest is almost dead.
The orc priest mumbles some strange prayers to Beogh against you.
Beogh smites you! The worker ant bites you.
You are poisoned.
The worker ant poisons you!
The orc priest hits you but does no damage.
The orc priest hits you with a +0 trident.
The worker ant barely misses you.
The orc priest mumbles some strange prayers to Beogh against you.
Pain shoots through your body!
* * * LOW HITPOINT WARNING * * *
It was a potion of resistance.
You feel protected.
You feel sick.
The orc priest mumbles some strange prayers to Beogh against you.
Beogh smites you!
You die...

###.##...
........##
#####....∩...
#.<........#
#..........###
#.............
#...(ooB...#
#....o@....#
#..........#
############


You could see a worker ant and 3 orc priests.

Vanquished Creatures
  A gnoll (D:3)
  3 adders (D:3)
  3 worms
  2 dart slugs
  A leopard gecko (D:3)
  An orc (D:3)
  4 giant cockroaches
  4 goblins
  6 hobgoblins
  3 jackals (D:1)
  4 kobolds
  A ball python (D:2)
  5 bats
  4 frilled lizards (D:3)
  4 rats
46 creatures vanquished.

Notes
Turn   | Place    | Note
-------+----------+-------------------------------------------
     0 | D:1      | Lanoc the Minotaur Fighter began the quest for the Orb.
     0 | D:1      | Reached XP level 1. HP: 19/19 MP: 0/0
    35 | D:1      | Noticed a swamp drake
    35 | D:1      | Noticed a lindwurm
    35 | D:1      | Noticed a black bear
   100 | D:1      | Reached XP level 2. HP: 21/27 MP: 1/1
   476 | D:2      | Found a broken altar of Ashenzari.
   498 | D:3      | Reached XP level 3. HP: 33/33 MP: 2/2
   524 | D:3      | Found a shimmering altar of Xom.
   553 | D:3      | Reached skill level 1 in Dodging
   920 | D:3      | Reached XP level 4. HP: 30/40 MP: 3/3
  1344 | D:4      | Found Yschevy's Armour Shoppe.
  1349 | D:4      | Killed from afar by an orc priest

Illustrated notes

Levels and vault maps discovered:
D:1:      onia_arrival_zoo_common, layout_loops_ring
D:2:      layout_rooms, evilmike_ruin_ashenzari, uniq_jessica, uniq_terence
D:3:      minmay_door_path, layout_basic, old_standard_altar, minivault_24
D:4:      layout_rooms, serial_shops, shop, shop_fountains, shop,
          nicolae_shop_trees, uniq_grinder

Skill      XL: |  1  2  3 |
---------------+----------+-----
Long Blades    | 3 |  3.8
Armour         | 4 |  4.2
Fighting       | 4 |  4.1
Dodging        | 1 |  1.3
Shields        | 4 |  4.2

Action                   |  1- 3 |  4- 6 || total
-------------------------+-------+-------++-------
Melee: Long sword        |   108 |    25 ||   133
       Headbutt          |    16 |     6 ||    22
  Use: Potion            |       |     1 ||     1
Armor: Scale mail        |    52 |     7 ||    59
Dodge: Dodged            |    28 |     6 ||    34
Block: Kite shield       |    54 |    12 ||    66
       Rpst.: Long sword |     6 |     2 ||     8

Table legend: (Time is in decaauts)
 A = Elapsed time spent in this place.
 B = Non-inter-level travel time spent in this place.
 C = Inter-level travel time spent in this place.
 D = Time resting spent in this place.
 E = Time spent auto-exploring this place.
 F = Levels seen in this place.
 G = Mean time per level.
                   A        B        C        D        E       F      G
               +--------+--------+--------+--------+--------+-----+--------+
         Total |   1390 |   1335 |     55 |      0 |   1038 |   4 |  347.5 |
       Dungeon |   1390 |   1335 |     55 |      0 |   1038 |   4 |  347.5 |
               +--------+--------+--------+--------+--------+-----+--------+

Top non-repeatable levels by time:
     D:3: 872 daAuts
     D:2: 282 daAuts
     D:1: 229 daAuts
     D:4: 5 daAuts
